 Dungeon Crawl Stone Soup version 0.20.1-1-g8b1a95d (webtiles) character file.

429 Monsterracer the Covert (level 6, -3/30 HPs)
             Began as a Spriggan Assassin on July 14, 2017.
             Slain by an ogre
             ... wielding a +0 giant club
              (25 damage)
             ... on level 3 of the Dungeon.
             The game lasted 00:15:07 (4859 turns).

Monsterracer the Covert (Spriggan Assassin)         Turns: 4859, Time: 00:15:08

Health: -3/30      AC:  3    Str:  5 (7)  XL:     6   Next: 66%
Magic:  7/7        EV: 20    Int: 11 (13) God:
Gold:   74         SH:  0    Dex: 18 (19) Spells: 5/5 levels left

rFire    . . .     SeeInvis +   a - +2 dagger
rCold    . . .     Gourm    .   (shield restricted)
rNeg     . . .     Faith    .   c - +0 robe
rPois    .         Spirit   .   (helmet restricted)
rElec    .         Reflect  .   d - +0 cloak
rCorr    .         Harm     .   (gloves unavailable)
MR       +....                  (boots unavailable)
Stlth    ++++......             (no amulet)
Regen    0.1/turn               (no ring)
MPRegen  0.1/turn               (no ring)

@: very quick
A: unfitting armour, see invisible, herbivore 3, speed 3, high mp 1, slow
metabolism 2, evolution 2, sturdy frame 1
a: no special abilities


You were on level 3 of the Dungeon.
You were not hungry.

You visited 1 branch of the dungeon, and saw 4 of its levels.

You collected 74 gold pieces.

Inventory:

Hand Weapons
 a - a +2 dagger (weapon)
 b - a +0 blowgun
Missiles
 e - 4 poisoned needles
 f - 2 curare-tipped needles
 l - 29 stones (quivered)
Armour
 c - a +0 robe (worn)
 d - a +0 cloak (worn)
Scrolls
 h - 3 scrolls of remove curse {unknown}
 i - 2 scrolls of identify {unknown}
 j - a scroll of fog {unknown}
 k - 2 scrolls of magic mapping {unknown}
Potions
 m - a potion of agility
 n - a potion of lignification
Comestibles
 g - 2 bread rations


   Skills:
 + Level 1.9 Fighting
 * Level 5.1 Short Blades
 - Level 2.0 Throwing
 + Level 4.2 Dodging
 * Level 9.1 Stealth


You had 5 spell levels left.
You didn't know any spells.

Dungeon Overview and Level Annotations

Branches:
Dungeon (4/15)
 Temple: D:4-7

Altars:
Vehumet


Innate Abilities, Weirdness & Mutations

You are very small and have problems with some larger weapons.
You are too small for most types of armour.
You have supernaturally acute eyesight. (SInv)
You are a herbivore.
You cover ground extremely quickly.
You need consume almost no food.
You have an increased reservoir of magic. (+10% MP)
You rapidly evolve.
Your movements are slightly less encumbered by armour. (ER -2)


Message History

Throwing (i - inventory):
l - 30 stones (quivered)
Press: ? - help, Shift-Dir - straight line, f/p - ogre
Aim: an ogre, wielding a giant club (severely wounded)
You throw a stone. The stone closely misses the ogre.
You hit the goblin.
The goblin is severely wounded.
The goblin misses you.
You hit the goblin.
The goblin is severely wounded.
The goblin barely misses you.
You hit the goblin.
You kill the goblin!
The ogre misses you.
You hit the ogre.
The ogre is almost dead.
You hit the ogre but do no damage.
The ogre is almost dead.
The ogre hits you with a giant club!!
Ouch! That really hurt!
You die...

#.# #.#.###.###.###.# #.## #.#
#..(# ##O#.## #.# #.# #.# ##..#
##.## #.# #.# #.# #..# #.# ###.#
#.# #.# #..# #.###...# #.# #.#
#(.# #.(..÷>.# #.# ##.# #.(#
#####..†#######.# ##.#
#..########............#
##.#####..#....O@......########
.............#####.....#
#########..............##########
# ##...#.......#.#......... #
##.##.##....#.#.#######. #
#.##.#.....>#..# #. ######
#.##.#.....#.### #.
.....######.##.#.#.#.#.# #.
...................#.#.# ##


You could see an ogre.

Vanquished Creatures
  2 killer bees
  An orc priest (D:3)
  A hound (D:3)
  3 orc wizards
  An iguana (D:3)
  4 gnolls
  5 adders
  2 oozes
  A worm (D:3)
  A dart slug (D:3)
  3 leopard geckos
  4 orcs
  6 bats
  5 giant cockroaches
  5 goblins
  12 hobgoblins
  3 jackals (D:3)
  6 kobolds
  A quokka (D:4)
  4 ball pythons
  5 frilled lizards
  5 rats
80 creatures vanquished.

Notes
Turn   | Place    | Note
-------+----------+-------------------------------------------
     0 | D:1      | Monsterracer the Spriggan Assassin began the quest for the Orb.
     0 | D:1      | Reached XP level 1. HP: 10/10 MP: 2/2
   125 | D:1      | Reached skill level 6 in Stealth
   162 | D:1      | Reached XP level 2. HP: 14/14 MP: 3/3
   687 | D:1      | Reached XP level 3. HP: 10/18 MP: 4/4
  1431 | D:2      | Reached skill level 7 in Stealth
  1431 | D:2      | Reached XP level 4. HP: 21/22 MP: 5/5
  2026 | D:3      | Reached XP level 5. HP: 18/25 MP: 6/6
  2760 | D:3      | Reached skill level 8 in Stealth
  3141 | D:3      | Gained mutation: You have an increased reservoir of magic. (+10% MP) [potion of mutation]
  3141 | D:3      | Gained mutation: Your movements are slightly less encumbered by armour. (ER -2) [potion of mutation]
  3141 | D:3      | Gained mutation: You evolve. [potion of mutation]
  3153 | D:3      | Reached XP level 6. HP: 6/30 MP: 7/7
  3479 | D:3      | Gained mutation: You rapidly evolve. [evolution]
  3707 | D:2      | Reached skill level 5 in Short Blades
  4518 | D:4      | Found a radiant altar of Vehumet.
  4637 | D:3      | Reached skill level 9 in Stealth
  4859 | D:3      | Slain by an ogre

Skill      XL: |  1  2  3  4  5  6 |
---------------+-------------------+-----
Stealth        | 6 7 8 9 |  9.1
Dodging        | 2 3 4 |  4.2
Short Blades   | 3 4 5 |  5.1
Fighting       | |  1.9
Throwing       | |  2.0

Action                   |  1- 3 |  4- 6 || total
-------------------------+-------+-------++-------
Melee: Dagger            |    86 |   270 ||   356
 Fire: Blowgun           |     6 |    11 ||    17
Throw: Stone             |       |     4 ||     4
  Use: Potion            |     2 |     5 ||     7
 Stab: Sleeping          |    11 |    17 ||    28
       Distracted        |     1 |       ||     1
  Eat: Bread ration      |       |     1 ||     1
Armor: Robe              |     8 |    12 ||    20
       Skin              |       |    13 ||    13
Dodge: Dodged            |    81 |   168 ||   249
